Map: Altitude LE

Players

电脑难度 (极难)

  • Race: Zerg Zerg
  • Spawn Location: 7:00

Gap - Winner!

  • Race: Terran Terran
  • Spawn Location: 1:00

VOD

Have the link to the VOD?

Description

Time

  • Played on: Sept. 29, 2023, 7:31 a.m.
  • Length: 22:14
Show
View Real Time Build Order
Export as new Build Order

电脑难度 (极难) Zerg 

Build Orders: 1 Base Baneling Bust, Pool First, Zergling Baneling 

Get SALT Encoding   

  12  0:00  Drone  
  13  0:07  Drone  
  14  0:17  Overlord  
  14  0:35  Spawning Pool  
  14  0:37  Extractor  
  14  0:39  Drone  
  13  0:43  Drone  
  13  0:47  Drone  
  15  1:24  Zergling x6  
  15  1:25  Queen  
  20  1:34  Zergling x2  
  20  1:37  Baneling Nest  
  20  1:45  Drone  
  21  1:56  Zergling x2  
  22  2:07  Overlord  
  22  2:24  Baneling  
  22  2:25  Zergling x2  
  22  2:26  Baneling  
  22  2:28  Zergling x2, Baneling  
  24  2:30  Baneling  
  24  2:31  Zergling x6, Baneling  
  24  2:35  Baneling  
  27  2:40  Zergling x2, Baneling  
  27  2:43  Baneling  
  28  2:50  Zergling x2  
  29  3:01  Zergling x2  
  29  3:04  Overlord  
  30  3:22  Zergling x6  
  33  3:33  Zergling x2  
  34  3:35  Zergling x4, Overlord  
  36  3:44  Drone  
  37  3:55  Drone  
  38  3:59  Baneling  
  38  4:00  Baneling x3  
  38  4:06  Zergling x2  
  38  4:07  Zergling x2, Drone x2  
  42  4:18  Drone  
  43  4:28  Overlord  
  43  4:40  Lair, Roach Warren  
  42  4:59  Extractor  
  41  5:01  Drone  
  41  5:05  Drone  
  43  5:08  Drone  
  44  5:15  Overlord  
  44  5:19  Drone  
  44  5:20  Roach  
  47  5:24  Roach  
  49  5:29  Roach  
  51  5:36  Roach  
  51  5:41  Hydralisk Den  
  51  5:42  Roach  
  54  5:47  Overlord  
  54  5:53  Roach  
  54  5:56  Drone  
  57  6:01  Drone  
  58  6:09  Hydralisk  
  60  6:14  Hydralisk  
  60  6:15  Drone  
  60  6:17  Overlord  
  63  6:21  Drone  
  64  6:32  Drone  
  65  6:44  Roach  
  65  6:45  Infestation Pit  
  65  6:46  Roach  
  68  6:53  Overlord  
  68  6:58  Roach  
  70  7:10  Hatchery  
  69  7:19  Drone  
  69  7:22  Infestor  
  70  7:27  Roach  
  74  7:33  Infestor, Overseer  
  76  7:38  Ravager  
  76  7:41  Overlord  
  77  7:46  Roach  
  79  7:56  Ravager  
  80  8:00  Roach  
  82  8:09  Hydralisk, Overlord  
  84  8:19  Hydralisk  
  86  8:22  Drone  
  86  8:23  Drone x2  
  86  8:24  Drone  
  90  8:29  Drone  
  90  8:34  Drone  
  92  8:39  Drone  
  93  8:41  Extractor, Drone  
  93  8:44  Drone  
  94  8:53  Infestor, Drone  
  97  8:55  Overlord  
  97  8:57  Drone  
  97  9:04  Drone  
  97  9:05  Drone  
  99  9:14  Drone  
  99  9:15  Drone  
  101  9:24  Infestor, Drone, Overlord  
  101  9:26  Drone x2  
  106  9:37  Drone, Roach  
  108  9:42  Centrifugal Hooks  
  108  9:45  Extractor  
  99  9:48  Drone x2  
  101  9:55  Zergling x2, Roach  
  101  9:56  Drone  
  101  9:59  Zergling x4, Baneling x2  
  107  10:00  Baneling  
  107  10:02  Baneling x2  
  107  10:03  Baneling  
  107  10:04  Baneling  
  107  10:05  Baneling  
  107  10:06  Baneling  
  107  10:09  Drone  
  107  10:10  Zergling x2  
  109  10:20  Zergling x2, Evolution Chamber  
  109  10:21  Zergling x2  
  110  10:27  Zergling x2  
  110  10:28  Zergling x4, Metabolic Boost  
  113  10:30  Roach  
  113  10:32  Overlord  
  115  10:42  Drone, Evolution Chamber  
  115  10:46  Evolution Chamber  
  115  10:47  Zerg Missile Weapons Level 1, Drone  
  115  10:51  Spine Crawler  
  115  10:52  Drone  
  115  10:56  Spine Crawler  
  114  10:58  Drone  
  114  11:00  Hydralisk  
  117  11:04  Overlord  
  117  11:07  Zerg Ground Armor Level 1  
  117  11:08  Hydralisk  
  119  11:13  Lurker Den  
  119  11:14  Zerg Melee Weapons Level 1  
  118  11:33  Spire  
  117  11:44  Spore Crawler  
  116  11:47  Spore Crawler  
  116  11:50  Queen  
  117  12:01  Hatchery  
  117  12:03  Drone  
  117  12:11  Lurker  
  118  12:27  Hive  
  118  12:46  Infestor  
  118  12:47  Overlord  
  118  12:48  Corruptor  
  122  12:55  Corruptor  
  124  13:10  Infestor  
  126  13:15  Drone x3, Queen  
  126  13:16  Drone x3, Overlord  
  126  13:17  Drone x4  
  126  13:18  Drone x2  
  140  13:23  Extractor  
  140  13:24  Drone  
  140  13:26  Drone  
  140  13:27  Drone x3  
  142  13:29  Extractor, Drone  
  144  13:34  Drone  
  144  13:38  Overlord  
  144  13:39  Drone x3  
  144  13:40  Drone, Greater Spire  
  149  13:43  Zerg Melee Weapons Level 2  
  149  13:45  Viper  
  152  13:50  Drone  
  152  13:51  Drone  
  152  13:55  Drone x2  
  155  13:56  Drone x2  
  155  14:00  Overlord  
  155  14:02  Viper  
  158  14:09  Overseer  
  161  14:14  Pneumatized Carapace  
  161  14:15  Overseer  
  161  14:20  Overlord  
  161  14:23  Zerg Missile Weapons Level 2  
  161  14:32  Spine Crawler  
  161  14:37  Spine Crawler  
  159  14:38  Drone  
  159  14:40  Spore Crawler  
  159  14:43  Queen  
  161  14:52  Overlord, Brood Lord, Corruptor  
  165  14:53  Brood Lord  
  165  14:54  Corruptor  
  165  14:55  Hatchery  
  168  15:10  Zerg Ground Armor Level 2  
  168  15:15  Spine Crawler  
  167  15:23  Overlord  
  167  15:25  Spine Crawler  
  167  15:27  Spine Crawler  
  165  15:28  Spine Crawler  
  165  15:32  Brood Lord, Corruptor  
  165  15:34  Brood Lord  
  170  15:37  Zergling x6, Corruptor  
  170  15:38  Zergling x10  
  170  15:39  Zergling x4  
  138  15:44  Roach  
  138  15:45  Roach  
  138  15:47  Roach  
  138  15:48  Roach  
  116  15:50  Roach  
  116  15:53  Hydralisk  
  120  15:57  Hydralisk  
  120  16:01  Hydralisk  
  120  16:02  Baneling  
  120  16:03  Zergling x4, Baneling x2  
  126  16:04  Spore Crawler  
  126  16:05  Baneling  
  126  16:07  Zergling x2, Baneling  
  126  16:08  Drone x3, Spore Crawler  
  126  16:09  Drone x2, Baneling  
  126  16:10  Drone x4  
  126  16:11  Zergling x2, Drone x2, Baneling  
  135  16:12  Drone x2  
  135  16:13  Baneling  
  135  16:15  Zergling x2, Baneling  
  135  16:17  Extractor, Baneling  
  135  16:18  Drone  
  140  16:19  Baneling  
  140  16:20  Zergling x2  
  140  16:22  Baneling  
  140  16:23  Zergling x2, Baneling  
  140  16:25  Baneling  
  142  16:26  Zergling x2, Baneling  
  142  16:28  Baneling  
  142  16:30  Zergling x2, Baneling  
  142  16:32  Baneling  
  144  16:34  Zergling x2, Baneling  
  144  16:35  Baneling  
  145  16:40  Drone x2  
  147  16:51  Ultralisk Cavern, Extractor  
  145  17:07  Mutalisk  
  147  17:12  Spore Crawler  
  147  17:13  Drone x2  
  147  17:14  Zergling x2, Drone x2, Baneling  
  147  17:15  Mutalisk  
  152  17:18  Zergling x2  
  152  17:19  Zergling x2, Roach  
  152  17:20  Zergling x8  
  152  17:21  Zergling x4, Roach  
  152  17:22  Zergling x2  
  138  17:25  Roach  
  138  17:26  Roach  
  138  17:27  Roach  
  138  17:29  Hydralisk  
  118  17:32  Hydralisk  
  118  17:34  Hydralisk  
  117  17:38  Zergling x2, Baneling x2  
  117  17:39  Zergling x2, Baneling x2  
  117  17:40  Ultralisk, Corruptor  
  124  17:45  Corruptor  
  126  17:55  Zergling x2, Baneling  
  126  17:56  Baneling  
  126  17:58  Zergling x2, Baneling  
  128  17:59  Baneling  
  128  18:00  Zergling x2, Baneling  
  128  18:01  Baneling  
  128  18:03  Zergling x2  
  128  18:04  Zergling x2  
  128  18:05  Zergling x2  
  129  18:06  Zergling x6, Roach  
  129  18:07  Zergling x2, Roach  
  129  18:10  Roach  
  129  18:11  Roach  
  129  18:12  Roach  
  119  18:14  Hydralisk  
  119  18:17  Hydralisk  
  121  18:20  Overseer  
  121  18:25  Zergling x6, Baneling x2, Corruptor  
  121  18:26  Baneling  
  111  18:28  Zergling x2, Baneling  
  111  18:29  Drone  
  111  18:30  Roach, Brood Lord  
  111  18:31  Drone  
  111  18:32  Drone  
  117  18:34  Roach  
  117  18:39  Corruptor  
  118  18:49  Zergling x2  
  118  18:50  Zergling x6  
  118  18:52  Zergling x4  
  118  18:53  Zergling x2  
  118  18:54  Zergling x2  
  118  18:55  Zergling x2  
  114  18:56  Hydralisk  
  114  18:59  Zergling x2, Baneling  
  114  19:02  Baneling  
  117  19:06  Brood Lord  
  117  19:07  Corruptor  
  117  19:09  Zergling x2, Baneling  
  122  19:10  Baneling  
  122  19:23  Zergling x6  
  122  19:24  Zergling x4  
  123  19:25  Zergling x4, Roach  
  123  19:26  Corruptor  
  123  19:27  Zergling x4  
  123  19:28  Roach  
  123  19:30  Roach  
  113  19:36  Roach  
  114  19:38  Roach  
  114  19:39  Hydralisk  
  114  19:42  Hydralisk  
  114  19:43  Zergling x2  
  106  19:46  Zergling x2, Baneling x2  
  106  19:47  Zergling x2, Baneling  
  106  19:50  Zergling x2, Hydralisk  
  103  19:57  Roach  
  103  19:59  Zergling x6  
  101  20:00  Zergling x2  
  101  20:02  Roach  
  98  20:08  Zergling x2  
  98  20:11  Zergling x4, Drone  
  98  20:12  Drone  
  98  20:13  Zergling x2  
  90  20:17  Brood Lord  
  90  20:18  Hydralisk  
  72  20:24  Roach  
  61  20:30  Roach  
  61  20:31  Roach  
  49  20:35  Zergling x2  
  51  20:49  Zergling x2  
  41  20:52  Spawning Pool  
  30  21:10  Hydralisk  
  30  21:31  Hatchery  
  29  21:42  Spawning Pool  
  27  21:47  Drone  
Show
View Real Time Build Order
Export as new Build Order

Gap Terran - Winner!

Build Orders: Command Center First 

Get SALT Encoding   

  12  0:00  SCV  
  13  0:12  SCV  
  14  0:23  Supply Depot  
  14  0:24  SCV  
  15  0:44  SCV  
  16  0:57  SCV  
  17  1:05  Command Center  
  17  1:13  Refinery  
  17  1:15  SCV  
  18  1:26  Barracks  
  18  1:27  SCV  
  19  1:35  Engineering Bay  
  19  1:39  SCV  
  20  1:52  SCV  
  21  2:12  Marine  
  22  2:30  Marine  
  22  2:35  SCV  
  24  2:43  Barracks  
  24  2:47  SCV  
  24  2:48  Marine  
  24  2:50  Planetary Fortress  
  26  2:59  SCV  
  26  3:00  Bunker  
  27  3:06  Marine  
  27  3:11  SCV  
  29  3:23  SCV, Marine  
  31  3:28  Terran Infantry Armor Level 1  
  31  3:37  Barracks  
  31  3:49  Refinery  
  31  3:50  Barracks Reactor  
  31  3:51  Marine  
  32  4:09  Marine  
  33  4:15  Barracks  
  33  4:26  Marine  
  33  4:27  Marine x2  
  36  4:35  Supply Depot  
  36  4:44  Marine  
  36  4:45  Marine  
  38  4:48  Supply Depot  
  38  4:57  SCV x2, Marine  
  38  4:59  Supply Depot  
  41  5:02  Marine  
  41  5:03  Marine  
  41  5:04  Barracks Tech Lab  
  43  5:07  Barracks Reactor  
  43  5:09  SCV x2  
  43  5:10  Supply Depot  
  45  5:14  Marine  
  45  5:20  Marine  
  45  5:21  Barracks Tech Lab, SCV x2  
  49  5:32  Marine  
  49  5:33  SCV  
  51  5:35  Factory  
  51  5:41  Terran Infantry Weapons Level 1  
  51  5:42  Engineering Bay  
  51  5:45  SCV  
  51  5:47  Marine x2, Supply Depot  
  54  5:50  Marine  
  54  5:53  Marauder  
  57  6:05  Marine x2  
  57  6:08  Marine  
  57  6:10  Supply Depot  
  60  6:15  Marauder  
  62  6:21  Factory Tech Lab  
  62  6:23  Marine x2  
  64  6:26  Marine  
  64  6:30  Armory  
  65  6:36  Marauder  
  67  6:41  Marine x2  
  67  6:47  Starport  
  69  6:53  SCV, Refinery  
  70  6:54  Refinery  
  70  6:57  Marauder  
  70  6:59  Marine  
  73  7:05  Supply Depot, SCV  
  73  7:08  Marine x2  
  76  7:16  Marine  
  76  7:17  SCV  
  76  7:19  Marauder  
  80  7:25  Siege Tank  
  80  7:26  Marine x2  
  80  7:27  Supply Depot  
  80  7:29  SCV  
  86  7:34  Marine  
  87  7:40  Marauder  
  87  7:41  SCV  
  87  7:43  Marine  
  91  7:51  Supply Depot  
  91  7:52  Factory  
  91  7:53  SCV, Marauder  
  94  8:01  Marauder  
  94  8:03  Terran Infantry Weapons Level 2  
  94  8:05  SCV, Supply Depot  
  97  8:14  Supply Depot  
  97  8:21  Orbital Command  
  97  8:28  SCV, Supply Depot  
  98  8:35  Marauder x2  
  98  8:37  Marine  
  98  8:39  Marine  
  104  8:50  Supply Depot  
  104  8:56  Marauder x2  
  104  9:00  Siege Tank  
  111  9:10  Medivac  
  111  9:12  Supply Depot  
  111  9:15  Factory Tech Lab  
  113  9:18  Marauder x2  
  117  9:32  Siege Tank  
  120  9:39  Marauder x2  
  120  9:40  Medivac  
  126  10:01  Siege Tank  
  126  10:05  Siege Tank  
  132  10:10  Medivac  
  134  10:33  Siege Tank  
  137  10:37  Siege Tank  
  137  10:40  Starport Tech Lab  
  140  10:46  Terran Infantry Weapons Level 3  
  140  10:47  Terran Infantry Armor Level 2  
  140  11:12  Supply Depot  
  140  11:36  Supply Depot  
  140  11:51  Bunker  
  140  11:58  Supply Depot  
  140  12:21  Siege Tank  
  140  12:22  Bunker, Supply Depot  
  143  12:23  Siege Tank  
  143  12:29  Terran Vehicle Weapons Level 1  
  146  12:38  Armory  
  146  12:53  Siege Tank  
  146  12:54  Bunker  
  146  12:55  Siege Tank, Missile Turret  
  152  13:15  Missile Turret  
  152  13:25  Siege Tank  
  158  13:27  Siege Tank  
  158  13:35  Missile Turret  
  158  13:47  Missile Turret  
  158  13:57  Siege Tank  
  161  14:07  Missile Turret  
  161  14:16  Supply Depot  
  161  14:17  Marine x3  
  161  14:22  Marauder  
  166  14:29  Siege Tank  
  169  14:35  Marine x3  
  172  14:39  Supply Depot  
  172  14:43  Marauder  
  174  14:52  Missile Turret  
  174  14:53  Marine  
  174  14:54  Marauder  
  177  15:02  Supply Depot  
  177  15:05  Marauder  
  179  15:11  Missile Turret  
  179  15:15  Marauder  
  181  15:25  Supply Depot  
  181  15:29  Missile Turret  
  132  15:35  Medivac  
  177  16:05  Medivac  
  177  16:07  Orbital Command  
  179  16:20  Marine x3  
  179  16:22  Marauder  
  184  16:38  Marine x3  
  187  16:44  Marauder  
  189  16:56  Marine  
  189  16:57  Marauder  
  192  17:05  Marauder  
  191  17:18  Marauder  
  168  17:27  Marauder  
  153  17:35  Marine x2  
  147  17:39  Marine  
  148  17:48  Marauder  
  150  17:52  Marine  
  150  17:53  Marine  
  150  17:57  Marine  
  153  18:09  Marauder  
  153  18:10  Marine x2  
  153  18:15  Marauder  
  153  18:28  Marine x2  
  153  18:31  Marauder  
  157  18:36  Marine  
  158  18:54  Marine  
  159  19:08  Missile Turret, Marine x2  
  161  19:11  Marine, Marauder  
  164  19:25  Marine  
  164  19:26  Marine  
  164  19:29  Marine  
  164  19:30  Missile Turret  
  166  19:32  Marauder  
  168  19:43  Marine x2  
  170  19:47  Marine  
  171  19:54  Marauder  
  173  20:05  Marauder  
  172  20:15  Marauder  
  172  20:16  Marine x2  
  175  20:26  Marine  
  173  20:33  Marine  
  173  20:34  Marine  
  175  20:37  Marauder  
  176  20:44  Marine  
  176  20:51  Marine x2  
  178  20:58  Marauder  
  178  21:02  Marauder  
  182  21:09  Marine x2  
  184  21:19  Marauder  
  184  21:24  Marauder  
  188  21:27  Marine  
  189  21:41  Marauder  
  189  21:45  Marauder  
Tags
 
Add a new tag
Caveats
  • Supply blocks, unpowered buildings, or Contaminate may cause inaccurate times.
  • Supply counts are checked every 10 seconds.